 Dungeon Crawl Stone Soup version 0.28-a0-1435-g82390b3a13 (webtiles) character file.

Game seed: 321846515467217127

10 knot the Chopper (level 2, 16/24 HPs)
             Began as a Demonspawn Berserker on Jan 10, 2022.
             Was a Follower of Trog.
             Quit the game on level 1 of the Dungeon.
             The game lasted 00:00:17 (221 turns).

knot the Chopper (Demonspawn Berserker)              Turns: 221, Time: 00:00:18

Health: 16/24      AC:  3    Str: 17    XL:     2   Next: 10%
Magic:  2/2        EV: 12    Int:  8    God:    Trog [*.....]
Gold:   0          SH:  0    Dex: 12    Spells: 1/1 levels left

rFire   . . .      SeeInvis .   a - +0 hand axe
rCold   . . .      Faith    .   (no shield)
rNeg    . . .      Spirit   .   b - +0 animal skin
rPois   .          Reflect  .   (no helmet)
rElec   .          Harm     .   (no cloak)
rCorr   .          Rampage  .   (no gloves)
Will    .....                   (no boots)
Stlth   +.........              (no amulet)
HPRegen 0.08/turn               (no ring)
MPRegen 0.08/turn               (no ring)

@: no status effects
A: rugged brown scales 1
a: Renounce Religion, Berserk


You were on level 1 of the Dungeon.
You worshipped Trog.
Trog was aware of your devotion.
You visited 1 branch of the dungeon, and saw 1 of its levels.

Inventory:

Hand Weapons
 a - a +0 hand axe (weapon)
Armour
 b - a +0 animal skin (worn)
Scrolls
 c - a scroll of magic mapping {unknown}


   Skills:
 - Level 3.0 Fighting
 + Level 3.3 Axes
 - Level 1.7 Armour
 - Level 1.7 Dodging


You had one spell level left.
You didn't know any spells.
Your spell library was empty.

Dungeon Overview and Level Annotations

Branches:
Dungeon (1/15)

Altars:


Innate Abilities, Weirdness & Mutations

You are partially covered in rugged brown scales. (AC +1, +3% HP)


Message History

A giant cockroach is nearby!
A giant cockroach is nearby!
Found a hand axe.
The helpless giant cockroach fails to defend itself.
You hit the giant cockroach.
The giant cockroach is almost dead.
The giant cockroach barely misses you.
You slash the giant cockroach!
You kill the giant cockroach!
Trog accepts your kill.
No target in view!
No target in view!
A dart slug comes into view.
A dart slug is nearby!
A dart slug comes into view.
Found a scroll labelled OJUIBI ENIYR and a dagger.
The dart slug launches a dart at you. The slug dart misses you.
A bat comes into view.
The bat closely misses you. The bat hits you but does no damage.
You hit the bat.
You kill the bat!
Trog accepts your kill. The dart slug launches a dart at you.
The slug dart hits you.
You hit the dart slug.
The dart slug is heavily wounded.
The dart slug launches a dart at you. The slug dart misses you.
You hit the dart slug.
The dart slug is almost dead.
The dart slug barely misses you.
You slash the dart slug!
You kill the dart slug!
Trog accepts your kill.
You have reached level 2!
Your demonic ancestry asserts itself...
Rugged brown scales grow over part of your body.
Are you sure you want to abandon this character and quit the game? (Confirm with "yes".)

#########.#
######.#
####......#
........###
........########
...............#
...#...........#
.. #...........#
# #....†@...w.#
.......†.....#
............).#
..............#
............###
...)#.##.#?.
#...#. ....##
#.. .. .#.#


You could see a dart slug.

Vanquished Creatures
  2 dart slugs (D:1)
  A bat (D:1)
  A giant cockroach (D:1)
  A goblin (D:1)
  A rat (D:1)
6 creatures vanquished.

Notes
Turn   | Place    | Note
-------+----------+-------------------------------------------
     0 | D:1      | knot the Demonspawn Berserker began the quest for the Orb.
     0 | D:1      | Reached XP level 1. HP: 18/18 MP: 1/1
   221 | D:1      | Gained mutation: You are partially covered in rugged brown
                  | scales. (AC +1, +3% HP) [demonic ancestry]
   221 | D:1      | Reached XP level 2. HP: 16/24 MP: 2/2
   221 | D:1      | Quit the game

Illustrated notes

Levels and vault maps discovered:
D:1:      eino_arrival_cavern_c, layout_basic, st_stairs_14, minmay_pentomino_w2

Skill      XL: |  1 |
---------------+----+-----
Axes           | 3 |  3.3
Fighting       | |  3.0
Armour         | |  1.7
Dodging        | |  1.7

Action                   || total
-------------------------++-------
Melee: Hand axe          ||    14
 Stab: Sleeping          ||     1
Armor: Animal skin       ||     1
Dodge: Dodged            ||     9

Table legend: (Time is in decaauts)
 A = Elapsed time spent in this place.
 B = Non-inter-level travel time spent in this place.
 C = Inter-level travel time spent in this place.
 D = Time resting spent in this place.
 E = Time spent auto-exploring this place.
 F = Levels seen in this place.
 G = Mean time per level.
                   A        B        C        D        E       F      G
               +--------+--------+--------+--------+--------+-----+--------+
         Total |    223 |    223 |      0 |    121 |     60 |   1 |  223.0 |
       Dungeon |    223 |    223 |      0 |    121 |     60 |   1 |  223.0 |
               +--------+--------+--------+--------+--------+-----+--------+

Top non-repeatable levels by time:
     D:1: 223 daAuts
